 Dungeon Crawl Stone Soup version 0.27.1-2-g3b301248ec (webtiles) character file.

Game seed: 951073853583415915

1060 Crownlay the Chiller (level 8, -2/58 HPs)
             Began as a Gnoll Ice Elementalist on Sept 26, 2021.
             Engulfed by a steam dragon's steam (9 damage)
             ... on level 6 of the Dungeon.
             The game lasted 00:14:07 (6752 turns).

Crownlay the Chiller (Gnoll Ice Elementalist)       Turns: 6752, Time: 00:14:08

Health: -2/58      AC:  2    Str:  8    XL:     8   Next: 27%
Magic:  11/16      EV: 14    Int: 16    God:
Gold:   266        SH:  0    Dex: 13    Spells: 11/18 levels left

rFire    x . .     SeeInvis .   b - +1 dagger (vamp)
rCold    + . .     Faith    .   (no shield)
rNeg     . . .     Spirit   .   a - +0 robe
rPois    .         Reflect  .   (no helmet)
rElec    .         Harm     .   (no cloak)
rCorr    .         Rampage  .   (no gloves)
Will     .....                  (no boots)
Stlth    +++.......             (no amulet)
HPRegen  0.19/turn              l - ring of ice
MPRegen  0.15/turn              x - ring of flight

@: freezing walls, flying
A: fangs 1, strong nose, distributed training
a: no special abilities


You were on level 6 of the Dungeon.
You visited 2 branches of the dungeon, and saw 7 of its levels.
You also visited: Sewer and Ossuary.

You collected 266 gold pieces.

Inventory:

Hand Weapons
 b - a +1 vampiric dagger (weapon)
Armour
 a - a +0 robe (worn)
 t - a +0 tower shield
Jewellery
 l - a ring of ice (left hand)
 x - a ring of flight (right hand)
Wands
 u - a wand of flame (8)
 y - a wand of charming (9)
Scrolls
 d - 2 scrolls of torment
 h - a scroll of amnesia {unknown}
 i - 2 scrolls of enchant armour
 o - 3 scrolls of noise
 p - 3 scrolls of teleportation
 q - 2 scrolls of enchant weapon {unknown}
 s - 2 scrolls of fog
 v - 2 scrolls of magic mapping
Potions
 c - a potion of curing {unknown}
 e - 4 potions of might {unknown}
 f - 2 potions of brilliance {unknown}
 g - 2 potions of flight {unknown}
 j - a potion of degeneration {unknown}
 k - a potion of attraction {unknown}
 m - 2 potions of berserk rage {unknown}
 n - a potion of cancellation {unknown}
 r - a potion of mutation {unknown}
 w - a potion of heal wounds {unknown}


   Skills:
 + Level 3.1 Fighting
 + Level 3.1 Short Blades
 + Level 3.1 Long Blades
 + Level 3.1 Axes
 + Level 3.1 Maces & Flails
 + Level 3.1 Polearms
 + Level 3.1 Staves
 + Level 3.1 Slings
 + Level 3.1 Bows
 + Level 3.1 Crossbows
 + Level 3.1 Throwing
 + Level 3.1 Armour
 + Level 5.6 Dodging
 + Level 5.2 Stealth
 + Level 3.1 Shields
 + Level 3.1 Unarmed Combat
 + Level 5.9 Spellcasting
 + Level 2.5 Conjurations
 + Level 2.5 Hexes
 + Level 2.5 Summonings
 + Level 2.5 Necromancy
 + Level 2.5 Translocations
 + Level 2.5 Transmutations
 + Level 2.5 Fire Magic
 + Level 7.6 Ice Magic
 + Level 2.5 Air Magic
 + Level 2.5 Earth Magic
 + Level 2.5 Poison Magic
 + Level 3.4 Invocations
 + Level 3.1 Evocations


You had 11 spell levels left.
You knew the following spells:

 Your Spells              Type           Power      Damage    Failure   Level
a - Freeze                Ice            100%       1d11      1%          1
b - Frozen Ramparts       Ice            86%        1d10      1%          3
c - Ozocubu's Armour      Ice            43%        N/A       1%          3

Your spell library contained the following spells:

 Spells                   Type           Power      Damage    Failure   Level
 Hailstorm                Conj/Ice       31%        3d8       17%         4


Dungeon Overview and Level Annotations

Branches:
Dungeon (6/15)             Temple (1/1) D:6           Sewer (visited)
Ossuary (visited)

Altars:
Ashenzari
Cheibriados
Dithmenos
Fedhas
Gozag
Hepliaklqana
Kikubaaqudgha
Makhleb
Nemelex Xobeh
Okawaru
Qazlal
Ru
Sif Muna
Vehumet
Xom
Yredelemnul

Shops:
D:5 (*([


Innate Abilities, Weirdness & Mutations

You have very sharp teeth.
Your uncanny sense of smell can sniff out nearby items.
Your experience applies equally to all skills.


Message History

You feel a surge of power!
You freeze the steam dragon.
The steam dragon is lightly wounded.
The steam dragon completely misses you. The steam dragon barely misses you.
You feel a surge of power!
You freeze the steam dragon.
The steam dragon is moderately wounded.
The steam dragon breathes steam at you. The ball of steam misses you.
You feel a surge of power!
You freeze the steam dragon!
The steam dragon is heavily wounded.
You are engulfed in a cloud of scalding steam.
The steam dragon bites you. The steam dragon claws you.
Casting: Freeze (safe; 1% risk of failure)
Confirm with . or Enter, or press ? or * to list all spells.
Casting: Frozen Ramparts (safe; 1% risk of failure)
Press: ? - help, Dir - look around, f - activate
There is a cloud of steam here.
You feel a surge of power!
The walls around you are covered in ice.
You are engulfed in a cloud of scalding steam.
The wall freezes the steam dragon.
The steam dragon closely misses you.
The steam dragon claws you but does no damage.
You closely miss the steam dragon. Your bite misses the steam dragon.
The steam dragon is heavily wounded.
The wall freezes the steam dragon.
The steam dragon bites you!
The steam dragon claws you but does no damage.
You hit the steam dragon but do no damage.
The steam dragon is severely wounded.
The wall freezes the steam dragon.
The steam dragon bites you. The steam dragon misses you.
You hit the steam dragon but do no damage.
The steam dragon is severely wounded.
The wall freezes the steam dragon!
The steam dragon breathes steam at you. The ball of steam hits you!!
The steam scalds you terribly!
* * * LOW HITPOINT WARNING * * *
You are too injured to fight recklessly!
You hit the steam dragon but do no damage.
The steam dragon is almost dead.
You are engulfed in a cloud of scalding steam.
You die...

..# ... #..# ...
####..#### ....
##........## .....
#..........# #.....
...........# #......
...........##..^....
............@.#
#.............#D.# ∆
#.............#..#
.............##...
#............# #.#.
#............## ..
.. #............# ..
. ##.........### ...
##.8.8.8.##


You could see a steam dragon (catching breath).

Vanquished Creatures
  A centaur (D:5)
  An elf zombie (Ossuary)
  2 bullfrogs (Sewer)
  4 centaur zombies
  A human zombie (Ossuary)
  An orc priest (D:4)
  3 hounds
  A jelly (D:6)
  Jessica (D:2)
  4 iguanas (D:5)
  2 mummies (Ossuary)
  A hound skeleton (D:4)
  4 gnolls (D:5)
  6 adders
  2 adder zombies (Ossuary)
  2 adder skeletons (D:4)
  A worm (D:2)
  14 dart slugs
  17 orcs
  12 ball pythons
  15 endoplasms
  10 giant cockroaches
  3 hobgoblins (D:1)
  3 jackals (D:2)
  5 kobolds
  14 quokkas
  4 bats
  13 frilled lizards
  7 goblins
  A goblin zombie (Ossuary)
  7 hobgoblin zombies (Ossuary)
  2 jackal zombies (Ossuary)
  13 kobold zombies (Ossuary)
  6 orc zombies (Ossuary)
  9 rats
  A rat zombie (Ossuary)
193 creatures vanquished.

Notes
Turn   | Place    | Note
-------+----------+-------------------------------------------
     0 | D:1      | Crownlay the Gnoll Ice Elementalist began the quest for the
                  | Orb.
     0 | D:1      | Reached XP level 1. HP: 13/13 MP: 6/6
   122 | D:1      | Reached XP level 2. HP: 8/19 MP: 3/7
   483 | D:1      | Reached XP level 3. HP: 7/25 MP: 2/9
   488 | D:1      | Reached skill level 5 in Spellcasting
   495 | D:1      | HP: 1/25 [endoplasm (1)]
   820 | D:1      | Learned a level 3 spell: Frozen Ramparts
   824 | D:1      | Learned a level 3 spell: Ozocubu's Armour
  1245 | D:2      | Noticed Jessica
  1248 | D:2      | Killed Jessica
  1249 | D:2      | Reached skill level 1 in Fighting
  1249 | D:2      | Reached skill level 1 in Short Blades
  1249 | D:2      | Reached skill level 1 in Long Blades
  1249 | D:2      | Reached skill level 1 in Axes
  1249 | D:2      | Reached skill level 1 in Maces & Flails
  1249 | D:2      | Reached skill level 1 in Polearms
  1249 | D:2      | Reached skill level 1 in Staves
  1249 | D:2      | Reached skill level 1 in Slings
  1249 | D:2      | Reached skill level 1 in Bows
  1249 | D:2      | Reached skill level 1 in Crossbows
  1249 | D:2      | Reached skill level 1 in Throwing
  1249 | D:2      | Reached skill level 1 in Armour
  1249 | D:2      | Reached skill level 1 in Shields
  1249 | D:2      | Reached skill level 1 in Unarmed Combat
  1249 | D:2      | Reached skill level 1 in Invocations
  1249 | D:2      | Reached skill level 1 in Evocations
  1249 | D:2      | Reached XP level 4. HP: 32/32 MP: 6/11
  1749 | D:2      | Reached skill level 1 in Conjurations
  1749 | D:2      | Reached skill level 1 in Hexes
  1749 | D:2      | Reached skill level 1 in Summonings
  1749 | D:2      | Reached skill level 1 in Necromancy
  1749 | D:2      | Reached skill level 1 in Translocations
  1749 | D:2      | Reached skill level 1 in Transmutations
  1749 | D:2      | Reached skill level 1 in Fire Magic
  1749 | D:2      | Reached skill level 1 in Air Magic
  1749 | D:2      | Reached skill level 1 in Earth Magic
  1749 | D:2      | Reached skill level 1 in Poison Magic
  1749 | D:2      | Found a faded altar of an unknown god.
  1897 | D:2      | Found a blossoming altar of Fedhas.
  2341 | D:3      | Reached XP level 5. HP: 14/37 MP: 0/12
  3302 | D:4      | Found a glowing drain.
  3325 | Sewer    | Entered a sewer
  3853 | Sewer    | Reached XP level 6. HP: 43/44 MP: 9/13
  3859 | Sewer    | Reached skill level 5 in Dodging
  4438 | D:4      | Reached XP level 7. HP: 50/50 MP: 11/15
  4601 | D:4      | Found a white marble altar of Elyvilon.
  4604 | D:4      | Found a sacrificial altar of Ru.
  4604 | D:4      | Found an opulent altar of Gozag.
  4606 | D:4      | Found a shimmering altar of Xom.
  4606 | D:4      | Found a hazy altar of Hepliaklqana.
  4606 | D:4      | Found a broken altar of Ashenzari.
  4672 | D:5      | Entered Level 5 of the Dungeon
  4740 | D:5      | Found Tockaug's Antique Weapon Emporium.
  4778 | D:5      | Found Byales's Assorted Antiques.
  4843 | D:5      | Found a sand-covered staircase.
  4853 | Ossuary  | Entered an ossuary
  5096 | Ossuary  | Reached skill level 5 in Stealth
  5198 | Ossuary  | HP: 2/51 [elf zombie (1)]
  5518 | Ossuary  | Reached XP level 8. HP: 12/57 MP: 8/16
  5894 | D:5      | Found Usut's Armour Boutique.
  6101 | D:5      | Found a burning altar of Makhleb.
  6137 | D:5      | Found Buexuid's Weapon Shop.
  6633 | D:6      | Found a staircase to the Ecumenical Temple.
  6655 | Temple   | Entered the Ecumenical Temple
  6752 | D:6      | Engulfed by a steam dragon's steam

Illustrated notes

Levels and vault maps discovered:
D:1:      dpeg_arrival_houses_and_road, layout_rooms, minmay_tiny_reverse_x
D:2:      layout_basic, hellmonk_ecumenical_altar_heavens_door, basic_altar,
          uniq_jessica
D:3:      kennysheep_slugbush, layout_rooms, lemuel_another_geyser
D:4:      layout_rooms, doesnt_xom_only_xom, gup_sewer_entry_pipe
D:5:      layout_loops_ring, bloody_makhleb, serial_shops,
          nicolae_stop_n_shop_2, nicolae_take_the_stairs, shop,
          nicolae_square_shop, enter_ossuary_1
D:6:      layout_cave_pods, good_gods_mini_temple,
          minmay_temple_entry_statues_fountains, hangedman_decor_lopped,
          uniq_maggie
Temple:   nicolae_temple_hex_pool

Skill      XL: |  1  2  3  4  5  6  7  8 |
---------------+-------------------------+-----
Spellcasting   | 5 |  5.9
Fighting       | 1 2 3 |  3.1
Short Blades   | 1 2 3 |  3.1
Long Blades    | 1 2 3 |  3.1
Axes           | 1 2 3 |  3.1
Maces & Flails | 1 2 3 |  3.1
Polearms       | 1 2 3 |  3.1
Staves         | 1 2 3 |  3.1
Slings         | 1 2 3 |  3.1
Bows           | 1 2 3 |  3.1
Crossbows      | 1 2 3 |  3.1
Throwing       | 1 2 3 |  3.1
Armour         | 1 2 3 |  3.1
Shields        | 1 2 3 |  3.1
Unarmed Combat | 1 2 3 |  3.1
Invocations    | 1 2 3 |  3.4
Evocations     | 1 2 3 |  3.1
Conjurations   | 1 2 |  2.5
Hexes          | 1 2 |  2.5
Summonings     | 1 2 |  2.5
Necromancy     | 1 2 |  2.5
Translocations | 1 2 |  2.5
Transmutations | 1 2 |  2.5
Fire Magic     | 1 2 |  2.5
Air Magic      | 1 2 |  2.5
Earth Magic    | 1 2 |  2.5
Poison Magic   | 1 2 |  2.5
Dodging        | 5 |  5.6
Stealth        | 5 |  5.2
Ice Magic      | |  7.6

Action                   |  1- 3 |  4- 6 |  7- 9 || total
-------------------------+-------+-------+-------++-------
Melee: Unarmed           |     2 |       |       ||     2
       Dagger            |    32 |   190 |   211 ||   433
       Bite              |     1 |    18 |    19 ||    38
       Punch             |       |     1 |     4 ||     5
 Cast: Freeze            |    30 |    54 |    12 ||    96
       Frozen Ramparts   |     1 |    17 |    20 ||    38
       Ozocubu's Armour  |       |       |     3 ||     3
Evoke: Wand              |       |       |    11 ||    11
  Use: Scroll            |       |     2 |     4 ||     6
 Stab: Sleeping          |     2 |     2 |     1 ||     5
       Distracted        |     1 |       |       ||     1
Armor: Robe              |     2 |    30 |    92 ||   124
Dodge: Dodged            |    32 |   160 |   252 ||   444
